 Dungeon Crawl Stone Soup version 0.30-a0-4-ga7cffc901d (webtiles) character file.

Game seed: 15100540643082509591

6050 Flugkiller the Cleaver (level 10, -1/90 (91) HPs)
             Began as a Minotaur Fighter on Aug 21, 2022.
             Was a High Priest of Okawaru.
             Slain by a shadow (23 damage)
             ... on level 9 of the Dungeon.
             The game lasted 00:06:14 (9000 turns).

Flugkiller the Cleaver (Minotaur Fighter)           Turns: 9000, Time: 00:06:15

HP:   -1/90 (91)    AC: 16    Str: 21    XL:     10   Next: 57%
MP:   13/13         EV: 10    Int:  5    God:    Okawaru [*****.]
Gold: 501           SH:  5    Dex: 14    Spells: 9/9 levels left

rFire   . . .      SeeInvis .    a - +0 war axe
rCold   . . .      Faith    .    m - +0 buckler
rNeg    . . .      Spirit   .    g - +0 plate armour
rPois   +          Reflect  .    (helmet restricted)
rElec   .          Harm     .    A - +0 cloak
rCorr   .          Rampage  .    i - +0 pair of gloves
Will    .....                    (no boots)
Stlth   ..........               (no amulet)
HPRegen 0.25/turn                o - ring of poison resistance
MPRegen 0.13/turn                v - +4 ring of evasion

@: lightly drained
A: horns 2, retaliatory headbutt
a: Renounce Religion, Heroism, Finesse, Duel


You were on level 9 of the Dungeon.
You worshipped Okawaru.
Okawaru was extremely pleased with you.
You visited 1 branch of the dungeon, and saw 9 of its levels.

You collected 541 gold pieces.
You spent 40 gold pieces at shops.

Inventory:

Hand Weapons
 a - a +0 war axe (weapon)
Missiles
 b - 6 javelins (quivered)
Armour
 g - a +0 plate armour (worn)
   (You took it off an orc warrior on level 6 of the Dungeon)
 i - a +0 pair of gloves (worn)
   (You found it on level 1 of the Dungeon)
 m - a +0 buckler (worn)
 A - a +0 cloak (worn)
   (You found it on level 3 of the Dungeon)
Jewellery
 c - a ring of protection from cold
   (You found it on level 3 of the Dungeon)
 n - a +6 ring of strength
   (You took it off a kobold on level 8 of the Dungeon)
 o - a ring of poison resistance (left hand)
   (You found it on level 1 of the Dungeon)
 r - an amulet of reflection
   (You found it on level 9 of the Dungeon)
 v - a +4 ring of evasion (right hand)
   (You found it on level 3 of the Dungeon)
Wands
 f - a wand of roots (7)
   (You found it on level 4 of the Dungeon)
 y - a wand of acid (9)
   (You found it on level 3 of the Dungeon)
Scrolls
 e - 4 scrolls of vulnerability
 k - 3 scrolls of silence
 t - 6 scrolls of teleportation
 u - a scroll of enchant weapon
 D - 2 scrolls of immolation
Potions
 d - 2 potions of might
 h - 3 potions of haste
 j - a potion of flight
 l - 2 potions of ambrosia
 p - 2 potions of lignification
 q - 2 potions of curing
 s - 2 potions of magic {unknown}
 w - a potion of attraction {unknown}
 B - a potion of heal wounds {unknown}
 C - 2 potions of brilliance {unknown}
 E - 3 potions of berserk rage {unknown}
 F - 4 potions of mutation {unknown}


   Skills:
 + Level 9.1 Fighting
 + Level 11.7 Axes
 + Level 9.0 Armour
 - Level 3.6 Shields
 + Level 6.0 Invocations
 - Level 5.0 Evocations


You had 9 spell levels left.
You didn't know any spells.
Your spell library was empty.

Dungeon Overview and Level Annotations

Branches:
Dungeon (9/15)             Temple (0/1) D:6            Lair (0/5) D:8
    Orc: D:9-12

Altars:
Cheibriados
Dithmenos
Hepliaklqana
Okawaru
Trog
Vehumet
Wu Jian
Yredelemnul

Shops:
D:1 =   D:5 [   D:9 =([?

Annotations:
D:3 exclusion: door
D:6 1 runed translucent door, Shym's ghost, amateur GrEE


Innate Abilities, Weirdness & Mutations

You have a pair of horns on your head.
You reflexively headbutt those who attack you in melee.


Message History

You hit the orc wizard.
You kill the orc wizard!
Okawaru accepts your kill.
You hit the orc.
The orc is severely wounded.
You block the orc's attack.
You closely miss the orc.
The orc is severely wounded.
The orc hits you but does no damage.
You slash the orc!
You kill the orc!
Okawaru accepts your kill.
Items here: ))) [[[ †††.
An orc comes into view. It is wielding a +0 dagger.
The orc shouts!
You block the orc's attack.
An orc is nearby!
An orc is nearby!
An orc is nearby!
You hit the orc. You headbutt the orc.
You kill the orc!
Okawaru accepts your kill.
No target in view!
No target in view!
No target in view!
Found a book of the Hunter.
You see here a book of the Hunter.
Found a stone staircase leading down.
Found an escape hatch in the floor.
Found a barding.
Found a stone staircase leading up.
No target in view!
No target in view!
No target in view!
No target in view!
Found an escape hatch in the ceiling.
You now have 501 gold pieces (gained 9).
You open the door.
Found Linaerr's Jewellery Boutique.
There is an open door here.
There is an entrance to Linaerr's Jewellery Boutique here.
You can access your shopping list by pressing '$'.
There is an open door here.
You see here a +0 barding.
There is an escape hatch in the floor here.
There is an escape hatch in the ceiling here.
You open the door.
A shadow comes into view.
Found a shadowy altar of Dithmenos.
A shadow is nearby!
A shadow is nearby!
A shadow is nearby!
The shadow hits you.
There is an open door, spattered with blood here.
You hit the shadow.
The shadow is lightly damaged.
The shadow slips into darkness.
The shadow flickers and vanishes!
Deactivating autopickup; reactivate with Ctrl-A.
No target in view!
No target in view!
No target in view!
No target in view!
No target in view!
No target in view!
You barely miss something.
The shadow strikes at you from the darkness!
Reactivating autopickup.
You slash the shadow!
The shadow is severely damaged.
The shadow hits you.
You closely miss the shadow.
The shadow is severely damaged.
You block the shadow's attack.
You hit the shadow.
The shadow is almost destroyed.
The shadow slips into darkness.
The shadow flickers and vanishes!
Deactivating autopickup; reactivate with Ctrl-A.
You hit something but do no damage.
The shadow strikes at you from the darkness!
Reactivating autopickup.
You hit the shadow but do no damage.
The shadow is almost destroyed.
You barely miss the shadow.
The shadow is almost destroyed.
The shadow slips into darkness.
The shadow flickers and vanishes!
Deactivating autopickup; reactivate with Ctrl-A.
You miss something. You headbutt something.
The shadow strikes at you from the darkness!
* * * LOW HITPOINT WARNING * * *
Reactivating autopickup.
You hit the shadow but do no damage.
The shadow is almost destroyed.
The shadow slips into darkness.
The shadow flickers and vanishes!
Deactivating autopickup; reactivate with Ctrl-A.
You closely miss something.
The shadow strikes at you from the darkness!
You die...

##### ##...## ####### #.._..##
#.....# ##### #.8.8..# ###.###.#
#._.# #..∩...# #...#⌠#.# #...####
##.....#
#.#^###.####.{.#..####....####
####.........###@##.>............
#...........>##...............#..
#............##..................
#............####................
.#.#..........##.................
.....########.##.................
...#.#### ##..#.................
...#....####.....#...............
...####...##.#..###..........#.#.


There were no monsters in sight!

Vanquished Creatures
  A two-headed ogre (D:9)
  Prince Ribbit (D:8)
  A hornet (D:9)
  4 yaks (D:7)
  3 wyverns
  3 steam dragons
  A water moccasin (D:8)
  An acid dragon (D:9)
  A sky beast (D:8)
  2 black bears
  3 orc warriors
  3 ice beasts (D:7)
  An ogre (D:5)
  7 centaurs
  A phantom (D:5)
  2 kobold brigands
  4 bullfrogs
  A gnoll sergeant (D:6)
  A scorpion (D:5)
  9 wights
  7 howler monkeys
  A jelly (D:3)
  2 hounds (D:6)
  3 orc priests (D:8)
  A gnoll bouda (D:7)
  2 iguanas
  7 orc wizards
  5 adders
  5 gnolls
  A shadow imp (D:8)
  2 white imps
  An ufetubus (D:5)
  2 worms (D:3)
  3 dart slugs
  23 orcs
  20 endoplasms
  A giant cockroach (D:1)
  6 hobgoblins
  2 jackals (D:3)
  4 quokkas
  8 ball pythons
  6 bats
  5 frilled lizards
  8 goblins
  24 kobolds
  9 rats
208 creatures vanquished.

Vanquished Creatures (others)
  3 gnolls (D:7)
  3 fungi (D:3)
  9 toadstools (D:3)
15 creatures vanquished.

Grand Total: 223 creatures vanquished

Notes
Turn   | Place    | Note
-------+----------+-------------------------------------------
     0 | D:1      | Flugkiller the Minotaur Fighter began the quest for the
                  | Orb.
     0 | D:1      | Reached XP level 1. HP: 19/19 MP: 0/0
    96 | D:1      | Found Wextuemp's Jewellery Boutique.
   236 | D:1      | Reached skill level 3 in Axes
   236 | D:1      | Reached XP level 2. HP: 19/27 MP: 1/1
   543 | D:1      | Reached XP level 3. HP: 30/33 MP: 2/2
  1487 | D:3      | Reached skill level 4 in Axes
  1519 | D:3      | Reached XP level 4. HP: 41/41 MP: 3/3
  1860 | D:3      | Reached XP level 5. HP: 39/47 MP: 4/4
  1960 | D:3      | Found an ornate altar of the Wu Jian Council.
  2174 | D:3      | Found an iron altar of Okawaru.
  2370 | D:3      | Found a faded altar of an unknown god.
  2661 | D:4      | Reached skill level 5 in Axes
  2953 | D:5      | Entered Level 5 of the Dungeon
  2953 | D:5      | Found a snail-covered altar of Cheibriados.
  2955 | D:5      | Noticed an ogre
  2960 | D:5      | Killed an ogre
  2961 | D:5      | Reached skill level 5 in Fighting
  2961 | D:5      | Reached skill level 5 in Armour
  3019 | D:3      | Became a worshipper of Warmaster Okawaru
  3085 | D:5      | Noticed a black bear
  3089 | D:5      | Reached XP level 6. HP: 56/56 MP: 5/5
  3240 | D:5      | Reached skill level 6 in Axes
  3242 | D:5      | Found Lenn's Armour Shoppe.
  3264 | D:5      | Noticed an ice beast
  3267 | D:5      | Reached skill level 1 in Invocations
  3607 | D:5      | Reached XP level 7. HP: 5/62 MP: 5/7
  3607 | D:5      | HP: 1/62 [centaur (4)]
  3611 | D:5      | Reached * piety under Okawaru
  4141 | D:6      | Reached skill level 7 in Axes
  4287 | D:6      | Found a basalt altar of Yredelemnul.
  4307 | D:6      | Identified the +7 long sword of the Hall of Blades {elec,
                  | Str+4}
  4525 | D:6      | Found a runed translucent door.
  4525 | D:6      | Noticed Shym's ghost (amateur GrEE)
  4594 | D:6      | Found a bloodstained altar of Trog.
  5057 | D:6      | Identified the +2 short sword of Radicalism {protect,
                  | Stlth+}
  5097 | D:6      | Found a staircase to the Ecumenical Temple.
  5106 | D:6      | Reached XP level 8. HP: 65/71 MP: 9/9
  5289 | D:7      | Reached skill level 8 in Axes
  5301 | D:7      | Reached ** piety under Okawaru
  5308 | D:7      | Reached skill level 9 in Axes
  5313 | D:7      | Reached *** piety under Okawaru
  5314 | D:7      | Reached XP level 9. HP: 40/79 MP: 9/11
  5908 | D:7      | Reached skill level 10 in Axes
  6311 | D:7      | Found a radiant altar of Vehumet.
  6495 | D:8      | Noticed Prince Ribbit
  6506 | D:8      | Killed Prince Ribbit
  6507 | D:8      | Reached skill level 5 in Invocations
  6512 | D:8      | Received a gift from Okawaru
  6717 | D:8      | Reached skill level 11 in Axes
  6955 | D:8      | Reached **** piety under Okawaru
  6971 | D:8      | Reached XP level 10. HP: 52/90 MP: 13/13
  7215 | D:8      | Found a hazy altar of Hepliaklqana.
  7248 | D:8      | Noticed a fire dragon
  7350 | D:9      | Found Refuchis's Antique Weapon Boutique.
  7550 | D:9      | Found Hyphewn's Magic Scroll Emporium.
  7560 | D:9      | Bought a scroll of identify for 20 gold pieces
  7560 | D:9      | Bought a scroll of identify for 20 gold pieces
  7583 | D:9      | Reached skill level 1 in Evocations
  7938 | D:8      | Found a staircase to the Lair.
  8194 | D:9      | Found Cheibriados's Comfort Zone.
  8197 | D:9      | Found a snail-covered altar of Cheibriados.
  8372 | D:9      | Noticed a two-headed ogre
  8384 | D:9      | Killed a two-headed ogre
  8384 | D:9      | Reached ***** piety under Okawaru
  8385 | D:9      | Reached skill level 5 in Evocations
  8925 | D:9      | Found Linaerr's Jewellery Boutique.
  8988 | D:9      | Found a shadowy altar of Dithmenos.
  9000 | D:9      | Slain by a shadow

Illustrated notes

Levels and vault maps discovered:
D:1:      heliophobic_arrival_battle_scene, layout_basic, serial_shops, shop,
          minmay_tetromino_i4
D:2:      layout_basic
D:3:      cheibrodos_fertilizer, layout_loops_ring,
          mainiacjoe_overflow_surrounded_room, nzn_wu_jian_council_hall,
          chequers_ecumenical_altar_island, dreamdust_princess_bridge,
          minivault_19, dreamdust_wishing_well, minmay_vboxes
D:4:      layout_cave_pools
D:5:      layout_basic, mainiacjoe_overflow_tiny_flanked, serial_shops,
          nicolae_shop_statue_plus
D:6:      layout_rooms, mainiacjoe_overflow_small_starburst,
          mainiacjoe_overflow_chevrons, minmay_temple_entry_trees,
          hellmonk_ghost_happy_afterlife
D:7:      layout_rooms, mainiacjoe_overflow_24_doors
D:8:      layout_loops_ring, worldfamousw_hep_ancestral_shrine,
          minmay_lair_entry_lava, grunt_tough_drop, uniq_pikel,
          uniq_prince_ribbit1
D:9:      layout_rooms, grunt_dithmenos_shadows, serial_shops, shop,
          kennysheep_little_box, shop, nicolae_lakefront_shop, serial_glass,
          glass_columns_c, glass_columns_a, feat_on_display, minmay_shop_chei,
          minmay_misc_feat_tower

Skill      XL: |  1  2  3  4  5  6  7  8  9 10 |
---------------+-------------------------------+-----
Axes           | 3 4 5 6 7 9 11 | 11.7
Fighting       | 4 5 6 7 8 9 |  9.1
Armour         | 4 5 6 7 8 9 |  9.0
Invocations    | 1 2 4 5 6 |  6.0
Evocations     | 5 |  5.0
Shields        | |  3.6

Action                   |  1- 3 |  4- 6 |  7- 9 | 10-12 || total
-------------------------+-------+-------+-------+-------++-------
Melee: War axe           |    95 |   133 |   196 |   116 ||   540
       Headbutt          |    11 |    14 |    42 |    20 ||    87
Invok: Heroism           |       |       |     4 |     3 ||     7
Evoke: Wand              |       |       |       |     1 ||     1
  Use: Scroll            |       |    13 |     1 |     6 ||    20
       Potion            |       |     1 |     2 |     1 ||     4
Armor: Scale mail        |    57 |    46 |    12 |       ||   115
       Plate armour      |       |       |   109 |    60 ||   169
Dodge: Dodged            |    60 |    89 |   142 |    60 ||   351
Block: Buckler           |    24 |    32 |    49 |    44 ||   149

Table legend: (Time is in decaauts)
 A = Elapsed time spent in this place.
 B = Non-inter-level travel time spent in this place.
 C = Inter-level travel time spent in this place.
 D = Time resting spent in this place.
 E = Time spent auto-exploring this place.
 F = Levels seen in this place.
 G = Mean time per level.
                   A        B        C        D        E       F      G
               +--------+--------+--------+--------+--------+-----+--------+
         Total |   9076 |   8806 |    270 |   2525 |   4812 |   9 | 1008.4 |
       Dungeon |   9076 |   8806 |    270 |   2525 |   4812 |   9 | 1008.4 |
               +--------+--------+--------+--------+--------+-----+--------+

Top non-repeatable levels by time:
     D:6: 1624 daAuts
     D:8: 1208 daAuts
     D:3: 1136 daAuts
     D:9: 1112 daAuts
     D:7: 932 daAuts
     D:5: 833 daAuts
     D:2: 779 daAuts
     D:1: 727 daAuts
     D:4: 722 daAuts
